 Dungeon Crawl Stone Soup version 0.18.1-8-gdd0e5ea (webtiles) character file.

16 M4edhros the Grave Robber (level 2, 0/17 HPs)
             Began as an Octopode Necromancer on June 7, 2016.
             Slain by a rat (3 damage)
             ... on level 1 of the Dungeon.
             The game lasted 00:01:36 (214 turns).

M4edhros the Grave Robber (Octopode Necromancer)     Turns: 214, Time: 00:01:37

Health: 0/17       AC:  1    Str:  7    XL:     2   Next: 54%
Magic:  5/5        EV: 12    Int: 17    God:
Gold:   23         SH:  0    Dex: 12    Spells: 2 memorised, 3 levels left

rFire  . . .     SeeInvis .       - Unarmed
rCold  . . .     Gourm    .     (no shield)
rNeg   . . .     Faith    .     (helmet restricted)
rPois  .         Spirit   .     (no amulet)
rElec  .         Dismiss  .     (no ring)
rCorr  .         Reflect  .     (no ring)
SustAt .         Harm     .     (no ring)
MR     .....                    (no ring)
Stlth  +++.......               (no ring)
                                (no ring)
                                (no ring)
                                (no ring)

@: not resistant to hostile enchantments, fairly stealthy
A: almost no armour, amphibious, 8 rings, constrict 8, camouflage 1, gelatinous
body 1
a: no special abilities


You were on level 1 of the Dungeon.
You were not hungry.

You visited 1 branch of the dungeon, and saw 1 of its levels.

You collected 23 gold pieces.

Inventory:

Scrolls
 d - a scroll of fear {unknown}
 e - a scroll of identify {unknown}
 g - a scroll of amnesia {unknown}
Books
 a - a book of Necromancy

   Spells                             Type                      Level
   a - Pain                           Necromancy                   1
   b - Animate Skeleton               Necromancy                   1
   c - Vampiric Draining              Necromancy                   3
   d - Regeneration                   Charms/Necromancy            3
   e - Animate Dead                   Necromancy                   4
   f - Control Undead                 Necromancy                   4
Comestibles
 b - a bread ration
 c - 6 chunks of flesh
 f - a beef jerky


   Skills:
 - Level 2.0 Dodging
 - Level 2.6 Stealth
 + Level 2.1 Unarmed Combat
 - Level 2.0 Spellcasting
 - Level 4.0 Necromancy


You had 3 spell levels left.
You knew the following spells:

 Your Spells              Type           Power        Failure   Level  Hunger
a - Pain                  Necr           ###.         3%          1    #......
b - Animate Skeleton      Necr           N/A          3%          1    #......


Dungeon Overview and Level Annotations

Branches:
Dungeon (1/15)

Altars:


Innate Abilities, Weirdness & Mutations

You cannot wear most types of armour.
You are amphibious.
You can wear up to eight rings at the same time.
You can use your tentacles to constrict eight enemies at once.
Your skin changes colour to match your surroundings (Stealth).
Your rubbery body absorbs attacks (AC +1).


Message History

A rat comes into view.
There is an open door here.
The helpless rat fails to defend itself.
You tentacle-slap the rat.
You kill the rat!
Unknown command.
You swap places.
You tentacle-slap the rat.
You kill the rat!
There is an open door here.
You see here a rat corpse.
You open the door.
There is an open door here.
The helpless rat fails to defend itself.
You tentacle-slap the rat but do no damage.
Your grab misses the rat. The rat barely misses you.
You barely miss the rat. You grab the rat.
You constrict the rat, but do no damage.
The rat bites you.
You die...

......###.......... ##
................... #.
.................. #.
#................ #.
#.......#........ #.
#.......#........
##.#####.......#.......#
#......Z......##.......#
#.#'#†#@#'#'#......)...#
# #†#.#r#.#.#......#....
###########.....##...
#.....# #.....# .#....


You could see a rat and a friendly jackal skeleton.

Vanquished Creatures
  A giant cockroach (D:1)
  A goblin (D:1)
  A hobgoblin (D:1)
  6 jackals (D:1)
  A kobold (D:1)
  3 rats (D:1)
13 creatures vanquished.

Vanquished Creatures (collateral kills)
  A giant newt (D:1)
1 creature vanquished.

Grand Total: 14 creatures vanquished

Notes
Turn   | Place    | Note
--------------------------------------------------------------
     0 | D:1      | M4edhros the Octopode Necromancer began the quest for the Orb.
     0 | D:1      | Reached XP level 1. HP: 11/11 MP: 3/3
    17 | D:1      | Reached skill level 1 in Unarmed Combat
    27 | D:1      | Reached XP level 2. HP: 2/17 MP: 0/5
    31 | D:1      | Learned a level 1 spell: Animate Skeleton
   214 | D:1      | Slain by a rat

Skill      XL: |  1  2 |
---------------+-------+-----
Unarmed Combat | 1 2 |  2.1
Dodging        | |  2.0
Stealth        | |  2.6
Spellcasting   | |  2.0
Necromancy     | |  4.0

Action                   || total
-------------------------++-------
Melee: Unarmed           ||    24
       Constrict         ||     6
       Tentacles         ||     3
 Cast: Pain              ||     9
       Animate Skeleton  ||     3
 Stab: Sleeping          ||     4
Dodge: Dodged            ||    13
